 Dungeon Crawl Stone Soup version 0.30-a0-358-g0d69a1922f (webtiles) character file.

Game seed: 4196381763415832400

70 Low2 the Slasher (level 4, -2/41 HPs)
             Began as a Minotaur Monk on Nov 11, 2022.
             Slain by a gnoll bouda
             ... wielding a +0 whip
              (9 damage)
             ... on level 3 of the Dungeon.
             The game lasted 00:04:27 (958 turns).

Low2 the Slasher (Minotaur Monk)                     Turns: 958, Time: 00:04:27

Health: -2/41      AC:  2    Str: 17    XL:     4   Next: 4%
Magic:  3/3        EV: 11    Int:  7    God:
Gold:   53         SH:  7    Dex: 13    Spells: 3/3 levels left

rFire   . . .      SeeInvis .    a - +0 falchion
rCold   . . .      Faith    .    e - +0 kite shield
rNeg    . . .      Spirit   .    b - +0 robe
rPois   .          Reflect  .    (helmet restricted)
rElec   .          Harm     .    (no cloak)
rCorr   .          Rampage  .    (no gloves)
Will    .....                    (no boots)
Stlth   ++........               h - amulet of regeneration
HPRegen 1.06/turn                (no ring)
MPRegen 0.08/turn                (no ring)

@: weakened
A: horns 2, retaliatory headbutt
a: no special abilities


You were on level 3 of the Dungeon.
You visited 1 branch of the dungeon, and saw 3 of its levels.

You collected 53 gold pieces.

Inventory:

Hand Weapons
 a - a +0 falchion (weapon)
Armour
 b - a +0 robe (worn)
 e - a +0 kite shield (worn)
Jewellery
 d - an amulet of guardian spirit
 h - an amulet of regeneration (around neck)
Scrolls
 g - a scroll of poison {unknown}
 l - a scroll of identify
 m - a scroll of enchant weapon {unknown}
Potions
 c - 3 potions of ambrosia
 f - 2 potions of brilliance
 i - a potion of mutation {unknown}
 j - 3 potions of curing {unknown}
 k - a potion of heal wounds {unknown}


   Skills:
 + Level 4.4 Fighting
 + Level 4.6 Long Blades
 + Level 3.8 Dodging
 + Level 1.8 Stealth
 + Level 0.9 Shields


You had 3 spell levels left.
You didn't know any spells.
Your spell library contained the following spells:

 Spells                   Type           Power      Damage    Failure   Level
 Kiss of Death            Conj/Necr      0%         2d5       85%         1
 Necrotise                Necr           0%         1d4       85%         1
 Confusing Touch          Hex            0%         N/A       99%         3
 Vampiric Draining        Necr           0%         2d6       99%         3
 Dispel Undead            Necr           0%         3d6       100%        4
 Agony                    Necr           0%         N/A       100%        5


Dungeon Overview and Level Annotations

Branches:
Dungeon (3/15)

Altars:
Sif Muna


Innate Abilities, Weirdness & Mutations

You have a pair of horns on your head.
You reflexively headbutt those who attack you in melee.


Message History

You closely miss the gnoll. You headbutt the gnoll!
The gnoll is almost dead.
The gnoll barely misses you.
You hit the gnoll but do no damage.
The gnoll is almost dead.
You block the gnoll's attack.
You hit the gnoll but do no damage.
The gnoll is almost dead.
The gnoll hits you with a +0 spear. You block the gnoll bouda's attack.
You block the gnoll's attack.
You hit the gnoll.
You kill the gnoll!
You block the gnoll bouda's attack.
You have reached level 4!
You feel agile. You block the gnoll bouda's attack.
You hit the gnoll bouda.
The gnoll bouda is moderately wounded.
The gnoll bouda hits you with a +0 whip.
You hit the gnoll bouda.
The gnoll bouda is heavily wounded.
The gnoll bouda hits you with a +0 whip!
* * * LOW HITPOINT WARNING * * *
You barely miss the gnoll bouda.
The gnoll bouda is heavily wounded.
The gnoll bouda hits you with a +0 whip.
* * * LOW HITPOINT WARNING * * *
The gnoll bouda gazes fiercely through you!
You feel your attacks grow feeble. The gnoll bouda closely misses you.
You closely miss the gnoll bouda.
The gnoll bouda is heavily wounded.
The gnoll bouda gazes fiercely through you!
You feel as though you will be weak longer.
You block the gnoll bouda's attack.
You hit the gnoll bouda but do no damage.
You headbutt the gnoll bouda, but do no damage.
The gnoll bouda is heavily wounded.
The gnoll bouda hits you with a +0 whip!
You die...

......#+# .#
......#.###.######
.....#.....#....?
.........?...#
###.[.......#
#.........# #..)..<...#
##############.)......#
..............)g@!....#
###########...........#
### #...........# ..#
#..###~###..# #.#
#...#.#≈#.#...# #.#
#.###.#≈#.###.# #.# #.
...#≈#... .# #.# #.
##.#≈#.## .# #.#


You could see a gnoll bouda.

Vanquished Creatures
  3 gnolls (D:3)
  2 worms (D:2)
  A dart slug (D:1)
  An endoplasm (D:2)
  3 giant cockroaches (D:1)
  3 hobgoblins (D:2)
  2 jackals (D:1)
  3 kobolds
  2 quokkas
  3 ball pythons (D:1)
  A bat (D:2)
  4 frilled lizards
  3 goblins
  5 rats
36 creatures vanquished.

Notes
Turn   | Place    | Note
-------+----------+-------------------------------------------
     0 | D:1      | Low2 the Minotaur Monk began the quest for the Orb.
     0 | D:1      | Reached XP level 1. HP: 19/19 MP: 0/0
   242 | D:1      | Reached XP level 2. HP: 23/27 MP: 1/1
   454 | D:2      | Found a shimmering blue altar of Sif Muna.
   570 | D:2      | Reached XP level 3. HP: 29/33 MP: 2/2
   953 | D:3      | Reached XP level 4. HP: 16/41 MP: 3/3
   958 | D:3      | Slain by a gnoll bouda

Illustrated notes

Levels and vault maps discovered:
D:1:      dpeg_arrival_leaves_temple_mockup, layout_basic,
          minmay_misc_feat_rows, amcnicky_mini_pool_small
D:2:      layout_basic, basic_altar, shapermc_ecumenical_altar_mp_highgroup
D:3:      layout_basic, mainiacjoe_overflow_small_starburst, hex_tiny,
          grunt_decor_cap, kennysheep_generic_room_3

Skill      XL: |  1  2 |
---------------+-------+-----
Fighting       | 4 |  4.4
Long Blades    | 4 |  4.6
Dodging        | |  3.8
Stealth        | |  1.8
Shields        | |  0.9

Action                   |  1- 3 |  4- 6 || total
-------------------------+-------+-------++-------
Melee: Falchion          |    70 |     5 ||    75
       Headbutt          |    17 |     1 ||    18
  Use: Scroll            |     1 |       ||     1
 Stab: Sleeping          |     2 |       ||     2
Armor: Robe              |     6 |       ||     6
Dodge: Dodged            |    55 |     1 ||    56
Block: Kite shield       |    32 |     2 ||    34

Table legend: (Time is in decaauts)
 A = Elapsed time spent in this place.
 B = Non-inter-level travel time spent in this place.
 C = Inter-level travel time spent in this place.
 D = Time resting spent in this place.
 E = Time spent auto-exploring this place.
 F = Levels seen in this place.
 G = Mean time per level.
                   A        B        C        D        E       F      G
               +--------+--------+--------+--------+--------+-----+--------+
         Total |    976 |    976 |      0 |      0 |      0 |   3 |  325.3 |
       Dungeon |    976 |    976 |      0 |      0 |      0 |   3 |  325.3 |
               +--------+--------+--------+--------+--------+-----+--------+

Top non-repeatable levels by time:
     D:1: 459 daAuts
     D:2: 420 daAuts
     D:3: 96 daAuts
